 Dungeon Crawl Stone Soup version 0.24-a0-443-g80245de385 (webtiles) character file.

Game seed: 17795707275399342827

397 Ijustatesigmund the Skirmisher (level 6, 0/68 HPs)
             Began as an Ogre Hunter on June 21, 2019.
             Slain by a scorpion (4 damage)
             ... on level 4 of the Dungeon.
             The game lasted 00:06:50 (5225 turns).

Ijustatesigmund the Skirmisher (Ogre Hunter)        Turns: 5225, Time: 00:06:52

Health: 0/68       AC:  4    Str: 17    XL:     6   Next: 83%
Magic:  6/6        EV: 10    Int: 12    God:
Gold:   137        SH:  0    Dex: 11    Spells: 5/5 levels left

rFire    . . .     SeeInvis .   a - +1 flail
rCold    + . .     Gourm    .   (no shield)
rNeg     . . .     Faith    .   b - +1 robe
rPois    .         Spirit   .   (helmet restricted)
rElec    .         Reflect  .   (no cloak)
rCorr    .         Harm     .   (gloves unavailable)
MR       .....                  (boots unavailable)
Stlth    +.........             m - amulet of inaccuracy (curse)
HPRegen  0.21/turn              e - ring of protection from cold
MPRegen  0.10/turn              k - ring of wizardry

@: lethally poisoned (0 -> -6)
A: large, unfitting armour, tough skin 1
a: no special abilities


You were on level 4 of the Dungeon.
You were hungry.

You visited 1 branch of the dungeon, and saw 4 of its levels.

You collected 137 gold pieces.

Inventory:

Hand Weapons
 a - a +1 flail (weapon)
Missiles
 c - 5 large rocks (quivered)
 d - 4 throwing nets
 h - 6 javelins
 l - 5 datura-tipped darts
Armour
 b - a +1 robe (worn)
Jewellery
 e - a ring of protection from cold (left hand)
 k - a ring of wizardry (right hand)
 m - a cursed amulet of inaccuracy (around neck)
Wands
 j - a wand of enslavement (7)
Scrolls
 i - a scroll of teleportation
 n - a scroll of identify
Potions
 g - a potion of curing
Comestibles
 f - 3 rations


   Skills:
 + Level 6.8 Fighting
 + Level 4.1 Maces & Flails
 - Level 4.0 Throwing
 - Level 1.7 Dodging
 - Level 0.6 Stealth


You had 5 spell levels left.
You didn't know any spells.
Your spell library contained the following spells:

 Spells                   Type           Power        Failure   Level  Hunger
 Flame Tongue             Conj/Fire      #....        13%         1    ##.....
 Throw Flame              Conj/Fire      #.....       21%         2    ###....
 Conjure Flame            Conj/Fire      #.......     36%         3    ####...
 Inner Flame              Hex/Fire       #.......     36%         3    ####...
 Sticky Flame             Conj/Fire      #.......     75%         4    #####..
 Fireball                 Conj/Fire      #.........   97%         5    ######.


Dungeon Overview and Level Annotations

Branches:
Dungeon (4/15)
 Temple: D:4-7

Altars:
Elyvilon
Fedhas
Uskayaw

Annotations:
D:2 exclusion: oklob plant


Innate Abilities, Weirdness & Mutations

You are too large for most types of armour.
You have tough skin. (AC +1)


Message History

You sock the leopard gecko!
You kill the leopard gecko!
You feel sick.
You hit the scorpion.
The scorpion is moderately wounded.
The scorpion stings you!
* * * LOW HITPOINT WARNING * * *
You are lethally poisoned!
The scorpion poisons you!
You barely miss the scorpion.
The scorpion is moderately wounded.
* * * LOW HITPOINT WARNING * * *
You feel sick. The scorpion barely misses you.
You thump the scorpion!
The scorpion is severely wounded.
* * * LOW HITPOINT WARNING * * *
You feel sick.
The scorpion stings you but does no damage.
The scorpion stings you.
You die...

... #.# #.# #.#
###.#######
#.......... #. #...#
#. #...#### #.# #.
#...s@.# #.# #.
#..###.# #.# #.
#..###.###.### #.
#......#.....# #.
#.####.#.....####.#
#. #. #............#
#. #(
#.#.....########.
###......†.........
.......).###########


You could see a scorpion.

Vanquished Creatures
  Grinder (D:3)
  A hound (D:4)
  6 gnolls
  2 adders (D:2)
  5 worms
  A dart slug (D:3)
  5 leopard geckos
  2 ball pythons
  6 bats
  3 giant cockroaches
  5 goblins
  7 hobgoblins
  8 jackals
  10 frilled lizards
  6 kobolds
  7 rats
75 creatures vanquished.

Notes
Turn   | Place    | Note
-------+----------+-------------------------------------------
     0 | D:1      | Ijustatesigmund the Ogre Hunter began the quest for the
                  | Orb.
     0 | D:1      | Reached XP level 1. HP: 22/22 MP: 1/1
   108 | D:1      | Reached skill level 3 in Fighting
   278 | D:1      | Reached XP level 2. HP: 20/31 MP: 2/2
   763 | D:1      | Reached skill level 4 in Fighting
  1163 | D:1      | Reached XP level 3. HP: 37/40 MP: 3/3
  1688 | D:2      | Found a white marble altar of Elyvilon.
  1735 | D:2      | Reached skill level 5 in Fighting
  2078 | D:2      | Reached XP level 4. HP: 36/50 MP: 4/4
  2880 | D:2      | Reached skill level 6 in Fighting
  3000 | D:2      | Found a blossoming altar of Fedhas.
  3018 | D:2      | Noticed an oklob plant
  3659 | D:2      | Reached XP level 5. HP: 6/61 MP: 5/5
  3660 | D:2      | HP: 2/61 [gnoll (4)]
  3661 | D:2      | Reached skill level 1 in Maces & Flails
  4660 | D:3      | Noticed Grinder
  4669 | D:3      | Paralysed by Grinder for 5 turns
  4679 | D:3      | Killed Grinder
  4679 | D:3      | Reached XP level 6. HP: 18/68 MP: 6/6
  4934 | D:3      | Noticed a +0 dagger
  4935 | D:3      | Noticed a +0 hand axe
  4942 | D:3      | Found a hide-covered altar of Uskayaw.
  5225 | D:4      | Slain by a scorpion

Levels and vault maps discovered:
D:1:      minmay_arrival_wavy_path, layout_loops_ring,
          ebering_dispersal_statue_hall, kennysheep_another_room
D:2:      layout_basic, elyvilon_altar_5, tgw_fedhas
D:3:      layout_basic, dancing_weapons_uskayaw, uniq_grinder
D:4:      layout_loops_ring, gup_sewer_entry_bubbles

Skill      XL: |  1  2  3  4  5 |
---------------+----------------+-----
Fighting       | 3 4 5 6 |  6.8
Maces & Flails | 4 |  4.1
Throwing       | |  4.0
Dodging        | |  1.7
Stealth        | |  0.6

Action                   |  1- 3 |  4- 6 || total
-------------------------+-------+-------++-------
Melee: Short sword       |    12 |       ||    12
       Hand axe          |   155 |    50 ||   205
       Flail             |       |    85 ||    85
Throw: Large rock        |       |     5 ||     5
  Use: Potion            |     1 |     3 ||     4
       Scroll            |     2 |     4 ||     6
 Stab: Sleeping          |     1 |       ||     1
  Eat: Chunk             |     4 |     9 ||    13
Armor: Robe              |    82 |    24 ||   106
Dodge: Dodged            |   101 |    81 ||   182

Table legend:
 A = Non-vault XP
 B = Vault XP
 C = Vault XP percentage of total XP
 D = Non-vault monster count
 E = Vault monster count
 F = Vault count percentage of total count
                 A         B        C        D         E       F
            +---------+---------+-------+---------+---------+-------
      Total |     287 |     281 |  49.5 |      74 |       1 |   1.3
            +---------+---------+-------+---------+---------+-------
        D:1 |      34 |       0 |   0.0 |      22 |       0 |   0.0
        D:2 |     154 |       0 |   0.0 |      33 |       0 |   0.0
        D:3 |      51 |     281 |  84.6 |      17 |       1 |   5.6
        D:4 |      48 |       0 |   0.0 |       2 |       0 |   0.0
            +---------+---------+-------+---------+---------+-------
